 Dungeon Crawl Stone Soup version 0.24.0-28-g17ded55e90 (webtiles) character file.

Game seed: 3537225255929240494, levelgen mode: deterministic

19 Nattfarinn the Bolt Thrower (level 2, -2/24 HPs)
             Began as a Centaur Hunter on Nov 11, 2019.
             Slain by an adder (3 damage)
             ... on level 2 of the Dungeon.
             The game lasted 00:01:40 (956 turns).

Nattfarinn the Bolt Thrower (Centaur Hunter)         Turns: 956, Time: 00:01:41

Health: -2/24      AC:  4    Str: 14    XL:     2   Next: 55%
Magic:  2/2        EV:  9    Int: 10    God:
Gold:   80         SH:  0    Dex:  9    Spells: 1/1 levels left

rFire    . . .     SeeInvis .   a - +1 hand crossbow
rCold    . . .     Gourm    .   (no shield)
rNeg     . . .     Faith    .   c - +0 leather armour
rPois    .         Spirit   .   (no helmet)
rElec    .         Reflect  .   (no cloak)
rCorr    .         Harm     .   (no gloves)
MR       .....                  (no barding)
Stlth    +.........             (no amulet)
HPRegen  0.08/turn              (no ring)
MPRegen  0.08/turn              (no ring)

@: lethally poisoned (-2 -> -22), very quick
A: large, hooves 3, deformed body, speed 2, tough skin 3
a: no special abilities


You were on level 2 of the Dungeon.
You were not hungry.

You visited 1 branch of the dungeon, and saw 2 of its levels.

You collected 80 gold pieces.

Inventory:

Hand Weapons
 a - a +1 hand crossbow (weapon)
Missiles
 d - 48 bolts (quivered)
Armour
 c - a +0 leather armour (worn)
Scrolls
 b - a scroll of amnesia {unknown}
 e - a scroll of magic mapping {unknown}
 i - a scroll of teleportation {unknown}
Potions
 h - a potion of cancellation {unknown}
Comestibles
 f - a ration
 g - 4 chunks of flesh


   Skills:
 + Level 2.2 Fighting
 * Level 4.7 Crossbows
 - Level 1.3 Dodging
 - Level 0.4 Stealth
 * Level 1.3 Unarmed Combat


You had one spell level left.
You didn't know any spells.
Your spell library was empty.

Dungeon Overview and Level Annotations

Branches:
Dungeon (2/15)

Altars:

Annotations:
D:2 Jessica


Innate Abilities, Weirdness & Mutations

You have hooves in place of feet.
Armour fits poorly on your strangely shaped body.
You cover ground very quickly.
You have extremely tough skin. (AC +3)


Message History

Firing (i - inventory)
d - 50 bolts (quivered)
Press: ? - help, Shift-Dir - straight line, f/p - adder
Aim: an adder (lightly wounded)
You shoot a bolt. The bolt barely misses the adder.
The bolt closely misses Jessica.
You feel sick. The adder bites you but does no damage. The adder bites you.
* * * LOW HITPOINT WARNING * * *
You are more poisoned.
The adder poisons you!
Firing (i - inventory)
d - 49 bolts (quivered)
Press: ? - help, Shift-Dir - straight line, f/p - adder
Aim: an adder (lightly wounded)
You shoot a bolt. The bolt misses the adder.
The bolt hits Jessica but does no damage.
* * * LOW HITPOINT WARNING * * *
You feel sick. The adder bites you.
* * * LOW HITPOINT WARNING * * *
Jessica casts a spell.
Jessica seems to speed up.
The adder bites you.
You die...

###### ..#...# .......
....... .......
######### .......
#......[#
.......########......[#
..(....@S@.......>....#
##.############.......#
#######...<....#
.........[.....#
######.######## #.# #.#
#.# #.#


You could see an adder and Jessica.

Vanquished Creatures
  A worm (D:2)
  A dart slug (D:1)
  A leopard gecko (D:1)
  A bat (D:2)
  3 hobgoblins (D:1)
  2 kobolds (D:1)
  A frilled lizard (D:1)
  2 goblins (D:1)
  A rat (D:1)
13 creatures vanquished.

Notes
Turn   | Place    | Note
-------+----------+-------------------------------------------
     0 | D:1      | Nattfarinn the Centaur Hunter began the quest for the Orb.
     0 | D:1      | Reached XP level 1. HP: 17/17 MP: 1/1
   614 | D:1      | Reached XP level 2. HP: 22/24 MP: 2/2
   620 | D:1      | Reached skill level 1 in Unarmed Combat
   945 | D:2      | Noticed Jessica
   956 | D:2      | HP: 1/24 [adder (4)]
   956 | D:2      | Slain by an adder

Levels and vault maps discovered:
D:1:      dpeg_arrival_rooms_c, layout_rooms, minmay_pentomino_q4
D:2:      layout_rooms, minmay_pentomino_pile, uniq_sigmund, uniq_jessica,
          uniq_natasha

Skill      XL: |  1  2 |
---------------+-------+-----
Unarmed Combat | 1 |  1.3
Fighting       | |  2.2
Crossbows      | |  4.7
Dodging        | |  1.3
Stealth        | |  0.4

Action                   || total
-------------------------++-------
Melee: Short sword       ||    11
       Unarmed           ||    33
       Kick              ||    11
 Fire: Hand crossbow     ||    12
Armor: Leather armour    ||    16
Dodge: Dodged            ||    21
